 Dungeon Crawl Stone Soup version 0.17.1-3-g152610e (webtiles) character file.

221 Jerry the Shield-Bearer (level 5, -6/45 HPs)
             Began as a Draconian Fighter on Mar 26, 2016.
             Mangled by an orc priest
             ... wielding a +1 dagger of electrocution
              (20 damage)
             ... on level 3 of the Dungeon.
             The game lasted 00:05:39 (2451 turns).

Jerry the Shield-Bearer (Draconian Fighter)         Turns: 2451, Time: 00:05:40

Health: -6/45      AC:  5    Str: 19    XL:     5   Next: 65%
Magic:  5/5        EV: 11    Int:  9    God:
Gold:   73         SH:  9    Dex: 10    Spells: 0 memorised, 4 levels left

rFire  . . .     SeeInvis .     a - +0 flail
rCold  . . .     Clarity  .     (armour unavailable)
rNeg   . . .     SustAt   .     b - +0 shield
rPois  .         Gourm    .     (helmet restricted)
rElec  .         Spirit   .     (no cloak)
rCorr  .         Warding  .     (no gloves)
rMut   .         Stasis   .     (no boots)
MR     .....                    (no amulet)
Stlth  +.........               (no ring)
                                (no ring)

@: not resistant to hostile enchantments, very unstealthy
A: unfitting armour, cold-blooded, AC +5
a: no special abilities


You were on level 3 of the Dungeon.
You were not hungry.

You visited 1 branch of the dungeon, and saw 3 of its levels.

You collected 73 gold pieces.

Inventory:

Hand Weapons
 a - a +0 flail (weapon)
Armour
 b - a +0 shield (worn)
Wands
 o - a wand of paralysis (1)
Scrolls
 e - 2 scrolls of magic mapping {unknown}
 f - 3 scrolls of identify {unknown}
 h - a scroll of remove curse {unknown}
 k - a scroll of amnesia {unknown}
 n - a scroll of fear {unknown}
 p - a scroll of immolation {unknown}
Potions
 c - a potion of might
 i - a potion of flight {unknown}
 j - a potion of mutation {unknown}
 l - a potion of cure mutation {unknown}
Comestibles
 d - 2 bread rations
 g - 3 fruits
 m - 5 chunks of flesh


   Skills:
 - Level 3.2 Fighting
 + Level 3.6 Maces & Flails
 + Level 4.1 Dodging
 + Level 4.3 Shields


You had 4 spell levels left.
You didn't know any spells.

Dungeon Overview and Level Annotations

Branches:
Dungeon (3/15)

Altars:
Ashenzari
Okawaru

Annotations:
D:2 Ijyb


Innate Abilities, Weirdness & Mutations

Your plain brown scales are hard (AC +5).
Your body does not fit into most forms of armour.
You are cold-blooded and may be slowed by cold attacks.


Message History

You hit the orc.
The orc is moderately wounded.
The orc hits you.
You hit the orc but do no damage.
The orc is moderately wounded.
You block the orc's attack. The orc hits you.
You sock the orc!
You kill the orc!
The orc priest casts a cantrip, but nothing happens.
You barely miss the orc priest.
Your tail-slap misses the orc priest.
The orc priest mumbles some strange prayers to Beogh against you.
Pain shoots through your body!
You closely miss the orc priest.
Your tail-slap misses the orc priest.
The orc priest barely misses you.
You sock the orc priest!
The orc priest is heavily wounded.
The orc priest hits you but does no damage.
The orc priest hits you with a dagger of electrocution.
You are electrocuted!
You die...

#.# #.#
#############.#
#.............#
#.#############
#.# #.#
########.#
#...o@...#
#.########


You could see an orc priest.

Vanquished Creatures
  A phantom (D:3)
  Jessica (D:2)
  3 adders
  4 worms
  A giant gecko (D:2)
  5 orcs (D:3)
  A ball python (D:3)
  4 bats (D:2)
  4 giant cockroaches
  7 goblins
  7 hobgoblins
  4 jackals (D:3)
  3 quokkas
  2 giant newts (D:2)
  7 kobolds
  6 rats
60 creatures vanquished.

Notes
Turn   | Place    | Note
--------------------------------------------------------------
     0 | D:1      | Jerry the Draconian Fighter began the quest for the Orb.
     0 | D:1      | Reached XP level 1. HP: 19/19 MP: 1/1
   228 | D:1      | Reached XP level 2. HP: 26/26 MP: 2/2
   540 | D:2      | Found a shattered altar of Ashenzari.
   581 | D:2      | Noticed Jessica
   597 | D:2      | Killed Jessica
   597 | D:2      | Reached XP level 3. HP: 13/31 MP: 3/3
  1150 | D:2      | Reached XP level 4. HP: 36/38 MP: 4/4
  1235 | D:2      | Noticed Ijyb
  1973 | D:3      | Noticed a phantom
  2013 | D:3      | Found an iron altar of Okawaru.
  2038 | D:3      | Killed a phantom
  2038 | D:3      | Reached skill level 4 in Dodging
  2038 | D:3      | Reached XP level 5. HP: 22/45 MP: 5/5
  2451 | D:3      | Mangled by an orc priest

Action                   |  1- 3 |  4- 6 || total
-------------------------+-------+-------++-------
Melee: Flail             |    73 |   156 ||   229
 Stab: Sleeping          |     1 |     1 ||     2
  Eat: Chunk             |     1 |     4 ||     5
